[Event "Titled Tuesday Blitz February 14 Early 2023"]
[White "Souleidis, Georgios"]
[Black "Heinemann, Josefine"]
[WhiteFideId "4206827"]
[BlackFideId "12900460"]
[WhiteElo "2419"]
[BlackElo "2289"]
[Result "1-0"]
[Round "09"]
[TimeControl "180+2"]
[Date "2023.02.14"]
[WhiteClock "0:00:14"]
[BlackClock "0:00:13"]

1. e4 e5 2. Nc3 Nf6 3. d4 exd4 4. Qxd4 Nc6 5. Qd3 d5 6. Bf4 Bb4 7. O-O-O dxe4 8. Nxe4 Qxd3 9. Nxf6+ gxf6 10. Bxd3 Ba5 11. Ne2 Be6 12. a3 O-O-O 13. Be4 Bb6 14. Bg3 h5 15. h4 Ne5 16. Rxd8+ Rxd8 17. Nf4 Ng4 18. Rf1 Bc4 19. Bf5+ Kb8 20. Bd3 Bxd3 21. Nxd3 a6 22. Re1 Rd7 23. Re8+ Ka7 24. Rh8 f5 25. Rxh5 f4 26. Bxf4 Nxf2 27. Nxf2 Bxf2 28. b4 b6 29. Rh7 Kb7 30. h5 Bd4 31. h6 Bf6 32. g4 Rd4 33. Be3 Rxg4 34. Rxf7 Bc3 35. Kd1 Rh4 36. Ke2 Be5 37. h7 Rh2+ 38. Kd3 a5 39. bxa5 bxa5 40. a4 Kc6 41. Ke4 Bc3 42. Rxc7+ 1-0


[Site "https://www.chess.com"]

[Event "Titled Tuesday Blitz February 14 Early 2023"]
[White "Kejna, Piotr"]
[Black "Martynov, Pavel"]
[WhiteFideId "21821704"]
[BlackFideId "4101260"]
[WhiteElo "2027"]
[BlackElo "2414"]
[Result "1-0"]
[Round "09"]
[TimeControl "180+2"]
[Date "2023.02.14"]
[WhiteClock "0:00:09"]
[BlackClock "0:00:02"]

1. e4 c5 2. b3 a6 3. Bb2 d5 4. exd5 Qxd5 5. Nf3 Nf6 6. Nc3 Qd8 7. Bd3 e6 8. O-O Be7 9. Qe2 O-O 10. Ne4 Nbd7 11. Rae1 h6 12. h3 Nd5 13. Ne5 Nf4 14. Qe3 Nxd3 15. Nxd3 Qc7 16. a4 b6 17. a5 bxa5 18. Ba3 Bb7 19. Bxc5 Nxc5 20. Nexc5 Bd5 21. c4 Bc6 22. Nxe6 fxe6 23. Qxe6+ Kh8 24. Qxe7 Qb6 25. Ne5 Rfe8 26. Qh4 Bb7 27. d4 Kg8 28. Re3 Qc7 29. Rg3 Re7 30. Qxh6 Rae8 31. Qg5 Re6 32. h4 Rf6 33. Qxf6 1-0


[Site "https://www.chess.com"]

[Event "Titled Tuesday Blitz February 14 Early 2023"]
[White "Pajeken, Jakob Leon"]
[Black "Mushini Ajay"]
[WhiteFideId "12942839"]
[BlackFideId "35066188"]
[WhiteElo "2417"]
[BlackElo "2310"]
[Result "1-0"]
[Round "09"]
[TimeControl "180+2"]
[Date "2023.02.14"]
[WhiteClock "0:00:16"]
[BlackClock "0:00:01"]

1. Nf3 c5 2. e4 e6 3. d4 cxd4 4. Nxd4 a6 5. Be3 Nc6 6. Nc3 Qc7 7. a3 Nf6 8. f4 d5 9. e5 Nd7 10. h4 h5 11. Be2 g6 12. Qd2 b5 13. Bd3 Bb7 14. Nce2 Nb6 15. Nxc6 Bxc6 16. Qa5 Rb8 17. Bxb6 Qxb6 18. Qxb6 Rxb6 19. c3 Bc5 20. Kd2 a5 21. b4 axb4 22. axb4 Be7 23. Ra7 Kf8 24. g3 d4 25. Rb1 dxc3+ 26. Kxc3 Be8 27. Nd4 Rb8 28. Rd1 Rc8+ 29. Kb3 Rd8 30. Be4 Rc8 31. Rd2 Rc4 32. Ra8 Rxb4+ 33. Ka2 Ra4+ 34. Rxa4 bxa4 35. Nc6 Bxc6 36. Bxc6 a3 37. Rd7 Bc5 38. Rc7 Bf2 39. Be4 Bxg3 40. Rc4 Bxh4 41. Kxa3 Be7+ 42. Kb3 h4 43. Kc2 Kg7 44. Kd2 h3 45. Ke2 h2 46. Rc1 Rh4 47. Ke3 g5 48. Rh1 gxf4+ 49. Kf3 Bg5 50. Bc6 f5 51. exf6+ Kxf6 52. Be4 Ke5 53. Bb7 Rh3+ 54. Kg2 Rh6 55. Rxh2 Bh4 56. Kf3 Kf5 57. Rg2 Bg3 58. Be4+ Kg5 59. Rc2 Rh1 60. Rc5+ Kf6 61. Kg4 Re1 62. Bf3 Re3 63. Rc6 Re1 64. Ra6 Rh1 65. Bxh1 Ke5 66. Kf3 Kf6 67. Ra4 Kf5 68. Re4 e5 69. Bg2 Kg5 70. Bf1 Kf6 71. Be2 Kf5 72. Bd3 Kf6 73. Re2 Ke6 74. Ke4 Kd6 75. Bc4 Kc5 76. Rc2 Kb4 77. Be2 Kb3 78. Rc8 Kb4 79. Bf3 Kb5 80. Kxe5 Kb6 81. Kd5 Kb7 82. Rc6 Kb8 83. Kc5 Bf2+ 84. Kb5 Be3 85. Ka5 Bd2+ 86. Ka4 Be3 87. Be2 Ka7 88. Ba6 Kb8 89. Kb5 f3 90. Rc8+ Ka7 91. Rc7+ Kb8 92. Rb7+ Ka8 93. Rf7 f2 94. Bb7+ Kb8 95. Bg2 Kc8 96. Kc6 Kd8 97. Kd6 Ke8 98. Rf3 Bb6 99. Rf5 Ba7 100. Bc6+ Kd8 101. Rf8# 1-0


[Site "https://www.chess.com"]

[Event "Titled Tuesday Blitz February 14 Early 2023"]
[White "Shimelkov, Vasiliy"]
[Black "Koridze, Lile"]
[WhiteFideId "13701630"]
[BlackFideId "13612514"]
[WhiteElo "2159"]
[BlackElo "2191"]
[Result "1-0"]
[Round "09"]
[TimeControl "180+2"]
[Date "2023.02.14"]
[WhiteClock "0:00:25"]
[BlackClock "0:00:06"]

1. d4 Nf6 2. c4 e6 3. g3 d5 4. Nf3 Bb4+ 5. Bd2 Be7 6. Bg2 O-O 7. O-O c6 8. Qc2 b6 9. Bf4 Bb7 10. Nbd2 Nbd7 11. e4 dxe4 12. Nxe4 c5 13. Nxf6+ Nxf6 14. Rad1 Qc8 15. Ne5 cxd4 16. Rxd4 Bxg2 17. Kxg2 Qb7+ 18. Kg1 Rfd8 19. Rfd1 Rxd4 20. Rxd4 Rd8 21. Qd2 Rxd4 22. Qxd4 h6 23. h4 Ne4 24. a3 Bc5 25. Qd8+ Kh7 26. Nd3 Be7 27. Qd4 Bf6 28. Be5 Nd2 29. Ne1 Bxe5 30. Qxd2 f5 31. Nd3 Qe4 32. Nxe5 Qxe5 33. Qc2 Qe1+ 34. Kg2 Qe5 35. b4 a5 36. c5 axb4 37. axb4 bxc5 38. bxc5 Qc7 39. c6 Kg6 40. Qc5 Kf6 41. f4 Kf7 42. h5 Ke8 43. Kf3 Qd8 44. Ke2 Qc7 45. Kd3 Kf7 46. Kc4 Ke8 47. Kb5 Kf7 48. Qb6 Qd6 49. Ka6 Qa3+ 50. Kb7 Qe7+ 51. Qc7 Qxc7+ 52. Kxc7 e5 53. Kb7 e4 54. c7 1-0


[Site "https://www.chess.com"]

[Event "Titled Tuesday Blitz February 14 Early 2023"]
[White "Baskakov, Egor"]
[Black "Kavutskiy, Konstantin"]
[WhiteFideId "24197866"]
[BlackFideId "2026384"]
[WhiteElo "2215"]
[BlackElo "2414"]
[Result "1-0"]
[Round "09"]
[TimeControl "180+2"]
[Date "2023.02.14"]
[WhiteClock "0:00:10"]
[BlackClock "0:00:04"]

1. e4 Nc6 2. Nc3 d6 3. g3 g6 4. Bg2 Bg7 5. Nge2 e5 6. h3 h5 7. d3 Be6 8. O-O h4 9. g4 f5 10. gxf5 gxf5 11. f4 Qd7 12. Kh2 O-O-O 13. Nd5 Nf6 14. fxe5 Nxe5 15. Nd4 Neg4+ 16. Kh1 Nxd5 17. exd5 Bxd4 18. dxe6 Qxe6 19. hxg4 fxg4 20. c3 h3 21. Be4 Kb8 22. cxd4 g3 23. Rf5 d5 24. Re5 Qf6 25. Qf3 Qg7 26. Bg5 dxe4 27. Qxe4 g2+ 28. Kh2 Rdg8 29. Rg1 Qd7 30. Bf4 a6 31. Re7 Qd8 32. Bxc7+ Qxc7+ 33. Rxc7 Kxc7 34. d5 Kb8 35. d6 Rd8 36. Qe5 Ka8 37. b4 Rde8 38. Qd4 Rd8 39. b5 Rh6 40. bxa6 Rhxd6 41. axb7+ Kxb7 42. Rb1+ Kc8 43. Qc5+ Kd7 44. Rb7+ Ke6 45. Qc4+ Rd5 46. Qe4+ Kd6 47. Qe7+ Kc6 48. Qc7# 1-0


[Site "https://www.chess.com"]

[Event "Titled Tuesday Blitz February 14 Early 2023"]
[White "Starozhilov, Leonid"]
[Black "Khamdamova, Afruza"]
[WhiteFideId "14106752"]
[BlackFideId "14210444"]
[WhiteElo "2313"]
[BlackElo "2162"]
[Result "1/2-1/2"]
[Round "09"]
[TimeControl "180+2"]
[Date "2023.02.14"]
[WhiteClock "0:00:06"]
[BlackClock "0:00:16"]

1. e4 e6 2. d4 d5 3. Nc3 Bb4 4. e5 c5 5. a3 Bxc3+ 6. bxc3 Nc6 7. h4 Nge7 8. h5 h6 9. Rh4 Nf5 10. Rg4 cxd4 11. cxd4 Qb6 12. c3 Bd7 13. Bd3 Rg8 14. Ne2 O-O-O 15. Ng3 Nxg3 16. Rxg3 f6 17. Rb1 Qc7 18. f4 fxe5 19. dxe5 Qa5 20. Qb3 b6 21. Bd2 Qc5 22. Be3 d4 23. cxd4 Nxd4 24. Qb2 Qa5+ 25. Kf2 Nf5 26. Bxf5 exf5 27. Rg6 Be8 28. Rc1+ Kb7 29. Rd6 Rxd6 30. exd6 Bc6 31. Qe5 Qxe5 32. fxe5 Re8 33. Bd4 Re6 34. g3 g6 35. hxg6 Rxg6 36. Be3 Re6 37. Bf4 h5 38. Ke3 a6 39. Rc2 b5 40. Kd4 Kb6 41. Rh2 Bf3 42. Rc2 Bc6 43. Bg5 Rg6 44. Bf4 Re6 1/2-1/2


[Site "https://www.chess.com"]

[Event "Titled Tuesday Blitz February 14 Early 2023"]
[White "Nguyen Hong Nhung"]
[Black "Vaibhav Jayant Raut"]
[WhiteFideId "12412201"]
[BlackFideId "5089034"]
[WhiteElo "2003"]
[BlackElo "2237"]
[Result "1-0"]
[Round "09"]
[TimeControl "180+2"]
[Date "2023.02.14"]
[WhiteClock "0:01:34"]
[BlackClock "0:01:15"]

1. e4 c5 2. Nc3 Nc6 3. Bb5 g6 4. Bxc6 dxc6 5. d3 Bg7 6. Be3 b6 7. Qd2 h6 8. f4 Nf6 9. h3 O-O 10. Nf3 Ne8 11. O-O-O Nc7 12. g4 Ne6 13. Rdg1 Nd4 14. Ne1 b5 15. f5 Kh7 16. h4 b4 17. Na4 e6 18. Kb1 Qa5 19. b3 Ba6 20. Rf1 Qd8 21. f6 Bxf6 22. Bxh6 Rh8 23. Bg5 Bxg5 24. hxg5+ Kg7 25. Qf4 Qe7 26. Qe5+ 1-0


[Site "https://www.chess.com"]

[Event "Titled Tuesday Blitz February 14 Early 2023"]
[White "Escalona Landi, Samid Eduardo"]
[Black "Dragomirescu, Angela"]
[WhiteFideId "3937437"]
[BlackFideId "1209914"]
[WhiteElo "2218"]
[BlackElo "2130"]
[Result "1-0"]
[Round "09"]
[TimeControl "180+2"]
[Date "2023.02.14"]
[WhiteClock "0:00:23"]
[BlackClock "0:00:11"]

1. e4 e5 2. Nf3 Nc6 3. Bc4 Bc5 4. b4 Bxb4 5. c3 Ba5 6. d4 exd4 7. O-O Nf6 8. cxd4 d5 9. exd5 Nxd5 10. Ba3 Be6 11. Bb5 Ne7 12. Bxe7 Kxe7 13. Qa4 Qd5 14. Nc3 Bxc3 15. Rac1 Ba5 16. Bc4 Qf5 17. Bxe6 fxe6 18. Rc5 Qe4 19. Qb5 Bb6 20. Re1 Qf4 21. Rf5 Qd6 22. Rd5 Qb4 23. Qe2 Nd8 24. Ng5 Ba5 25. Rc1 h6 26. Rb5 Qxb5 27. Qxb5 Bb6 28. Nf3 Nf7 29. Qb4+ Nd6 30. Ne5 Rhd8 31. Re1 a5 32. Qb3 Kf6 33. Ng4+ Kf7 34. Qxe6+ Kf8 35. Ne5 1-0


[Site "https://www.chess.com"]

[Event "Titled Tuesday Blitz February 14 Early 2023"]
[White "Morefield, Jason"]
[Black "Andreev, Konstantin"]
[WhiteFideId "30920825"]
[BlackFideId "24239305"]
[WhiteElo "2167"]
[BlackElo "2195"]
[Result "1-0"]
[Round "09"]
[TimeControl "180+2"]
[Date "2023.02.14"]
[WhiteClock "0:00:02"]
[BlackClock "0:00:02"]

1. e4 c5 2. Nf3 e6 3. d4 cxd4 4. Nxd4 Nc6 5. Nc3 Qc7 6. a3 Nf6 7. Be3 a6 8. f4 d6 9. Qf3 Be7 10. O-O-O b5 11. Nxc6 Qxc6 12. g4 Bb7 13. Bd3 Nd7 14. g5 Nc5 15. Kb1 h6 16. h4 O-O-O 17. f5 Nxd3 18. cxd3 d5 19. Rc1 Kb8 20. Nxd5 Qd7 21. Nxe7 Qxe7 22. Rhd1 hxg5 23. hxg5 Ka8 24. f6 gxf6 25. gxf6 Qd7 26. Bf2 e5 27. Rc5 Rh3 28. Qe2 Qd6 29. d4 Rh2 30. Qe1 Qxf6 31. Bg3 Rg2 32. Bxe5 Qf3 33. d5 Re8 34. d6 Bxe4+ 35. Ka1 Re2 36. Qa5 Bb7 37. d7 Rb8 38. Bxb8 1-0


[Site "https://www.chess.com"]

[Event "Titled Tuesday Blitz February 14 Early 2023"]
[White "Hajiyev, Kanan"]
[Black "Jakubowski, Krzysztof"]
[WhiteFideId "13404148"]
[BlackFideId "1112848"]
[WhiteElo "2197"]
[BlackElo "2486"]
[Result "1-0"]
[Round "09"]
[TimeControl "180+2"]
[Date "2023.02.14"]
[WhiteClock "0:00:08"]
[BlackClock "0:00:30"]

1. d4 Nf6 2. Nf3 b6 3. g3 Bb7 4. Bg2 c5 5. Nh4 Bxg2 6. Nxg2 cxd4 7. Qxd4 Nc6 8. Qh4 e6 9. O-O Be7 10. c4 O-O 11. b3 Rc8 12. Bb2 d5 13. Rd1 Qc7 14. Qf4 dxc4 15. Qxc4 Qb7 16. Nc3 Ne5 17. Qd4 Neg4 18. Qf4 Bc5 19. e3 e5 20. Qf5 g6 21. Qd3 Qf3 22. Qe2 Qf5 23. Nh4 Qh5 24. h3 Be7 25. hxg4 Nxg4 26. Nd5 Bxh4 27. gxh4 Qxh4 28. f3 Qg3+ 29. Qg2 Qxg2+ 30. Kxg2 Rc2+ 31. Kg3 Rxb2 32. fxg4 Kg7 33. g5 h6 34. gxh6+ Kxh6 35. e4 Rc8 36. Rh1+ Kg7 37. Rh2 Rcc2 38. Rxc2 Rxc2 39. a4 a5 40. b4 Rc4 41. b5 Rxe4 42. Nxb6 f5 43. Rb1 f4+ 44. Kf3 Re3+ 45. Kf2 g5 46. Nc4 Re4 47. Nd6 Rxa4 48. b6 g4 49. b7 Ra2+ 50. Kf1 g3 51. b8=Q f3 52. Nf5+ Kg6 53. Nxg3 1-0


[Site "https://www.chess.com"]

[Event "Titled Tuesday Blitz February 14 Early 2023"]
[White "Womacka, Mathias"]
[Black "Danielyan, Vahe"]
[WhiteFideId "4611390"]
[BlackFideId "13304828"]
[WhiteElo "2396"]
[BlackElo "2346"]
[Result "1-0"]
[Round "09"]
[TimeControl "180+2"]
[Date "2023.02.14"]
[WhiteClock "0:00:05"]
[BlackClock "0:00:04"]

1. e4 c5 2. Nf3 d6 3. d4 cxd4 4. Nxd4 Nf6 5. Nc3 a6 6. Be2 e6 7. O-O Be7 8. f4 O-O 9. Kh1 Nc6 10. Be3 e5 11. fxe5 Nxe5 12. Nf5 Bxf5 13. Rxf5 Rc8 14. Bd4 Ng6 15. Bd3 Nd7 16. Nd5 Nde5 17. Qh5 Nxd3 18. cxd3 Rc2 19. Rf3 Bh4 20. Ne3 Rd2 21. Nf5 Qg5 22. Qxg5 Bxg5 23. Bxg7 Rc8 24. Bc3 Re2 25. Nd4 Re3 26. Rxe3 Bxe3 27. Nf5 Bf4 28. g3 Be5 29. d4 Bf6 30. Nxd6 Rc6 31. Nxb7 Be7 32. Rd1 Rb6 33. Nc5 h5 34. Nd7 Rd6 35. Nc5 Rb6 36. Kg2 h4 37. Kf3 hxg3 38. hxg3 a5 39. b3 Ne5+ 40. dxe5 Bxc5 41. Rd5 Be7 42. Rxa5 Rc6 43. Bd4 Rc2 44. Ra7 Bg5 45. Kg4 Bc1 46. a4 Kh7 47. Rxf7+ Kg6 48. Rf6+ Kh7 49. a5 Ra2 50. a6 Bd2 51. a7 Be1 52. Rf8 Rg2 53. a8=Q Rxg3+ 54. Kf4 Rg8 55. Rxg8 1-0


[Site "https://www.chess.com"]

[Event "Titled Tuesday Blitz February 14 Early 2023"]
[White "Sowul, Bartosz"]
[Black "Al-Tarboush, Ward"]
[WhiteFideId "1137590"]
[BlackFideId "7601450"]
[WhiteElo "2269"]
[BlackElo "2256"]
[Result "0-1"]
[Round "09"]
[TimeControl "180+2"]
[Date "2023.02.14"]
[WhiteClock "0:00:03"]
[BlackClock "0:00:12"]

1. e4 c5 2. Nc3 Nc6 3. Bb5 e6 4. Nf3 Nd4 5. O-O Nxb5 6. Nxb5 a6 7. Nc3 b5 8. d4 cxd4 9. Qxd4 Ne7 10. Bf4 Nc6 11. Qd2 Bb7 12. a4 b4 13. Nd5 exd5 14. exd5 Be7 15. dxc6 dxc6 16. Qe3 O-O 17. Rad1 Qe8 18. Rfe1 Bf6 19. Qb6 Qc8 20. Bd6 Rd8 21. Bxb4 c5 22. Rxd8+ Qxd8 23. Bxc5 Qd5 24. Bd4 Bg5 25. h4 Bf4 26. c4 Qd7 27. a5 h6 28. Be3 Bc7 29. Qd4 Qf5 30. Bd2 Rd8 31. Qe3 Bxf3 32. gxf3 Qh3 33. f4 Qg4+ 34. Kf1 Qxh4 35. Bc3 Qh1+ 36. Ke2 Qh5+ 37. Kf1 f6 38. Qg3 Qh1+ 39. Ke2 Re8+ 40. Kd3 Rxe1 41. Bxf6 Qe4+ 42. Kc3 Rc1+ 43. Kb3 Qxc4+ 44. Ka3 Ra1# 0-1


[Site "https://www.chess.com"]

[Event "Titled Tuesday Blitz February 14 Early 2023"]
[White "Martic, Ivan"]
[Black "Cori T., Deysi"]
[WhiteFideId "929301"]
[BlackFideId "3801934"]
[WhiteElo "2301"]
[BlackElo "2362"]
[Result "0-1"]
[Round "09"]
[TimeControl "180+2"]
[Date "2023.02.14"]
[WhiteClock "0:00:22"]
[BlackClock "0:01:02"]

1. e4 e6 2. d4 d5 3. e5 c5 4. c3 Nc6 5. Nf3 Nge7 6. Na3 Ng6 7. h4 h5 8. Bd3 f5 9. exf6 Qxf6 10. Bg5 Qf7 11. Nb5 Kd7 12. O-O Nf4 13. Bc2 a6 14. Na3 Bd6 15. Re1 cxd4 16. cxd4 b5 17. Rc1 Rf8 18. Bb1 Bb7 19. Re3 Rae8 20. Nc2 Ne7 21. Nce1 Nf5 22. Ne5+ Bxe5 23. Rxe5 Ng6 24. Nf3 Nd6 25. Re1 Ne4 26. Re2 Rc8 27. Rec2 Rxc2 28. Rxc2 Qe8 29. Re2 Qb8 30. Bxe4 dxe4 31. Ne5+ Nxe5 32. dxe5+ Bd5 33. Rxe4 Qb6 34. Rd4 Qc6 35. Qxh5 Qc2 36. Qg4 Qxf2+ 37. Kh2 Rf5 38. Bf4 g6 39. Bg3 Qxg2# 0-1


[Site "https://www.chess.com"]

[Event "Titled Tuesday Blitz February 14 Early 2023"]
[White "Mujumdar, Sameer"]
[Black "Kopczynski, Michal"]
[WhiteFideId "2029707"]
[BlackFideId "1124200"]
[WhiteElo "1992"]
[BlackElo "2225"]
[Result "1-0"]
[Round "09"]
[TimeControl "180+2"]
[Date "2023.02.14"]
[WhiteClock "0:00:24"]
[BlackClock "0:00:10"]

1. e4 b6 2. d4 Bb7 3. Nc3 e6 4. a3 Nf6 5. Bd3 d5 6. e5 Nfd7 7. Nce2 c5 8. c3 Nc6 9. Nf3 Qc7 10. O-O O-O-O 11. b4 c4 12. Bc2 h6 13. a4 f5 14. exf6 gxf6 15. Bf4 e5 16. dxe5 fxe5 17. Bg3 Bd6 18. Bf5 Kb8 19. Qc2 h5 20. Rad1 h4 21. Nxh4 Rdg8 22. Nf3 e4 23. Nfd4 Bxg3 24. fxg3 Nce5 25. Nf4 Nf6 26. Nfe6 Qf7 27. Qf2 Qh5 28. h3 a6 29. Qf4 Nd7 30. a5 b5 31. Nc5 Nxc5 32. Qxe5+ Ka7 33. bxc5 Qg5 34. Qf4 Qxg3 35. Qxg3 Rxg3 36. c6 Bc8 37. Bxc8 Rxc8 38. Rf7+ Ka8 39. Nf5 Rxc3 40. c7 e3 41. Nd6 e2 42. Re1 Rxc7 43. Rxc7 Rc2 44. Kf2 b4 45. Rxe2 b3 46. Ke1 Rxe2+ 47. Kxe2 b2 48. Rb7 c3 49. Kd3 d4 50. Rb6 Ka7 51. Nf5 Ka8 52. Nxd4 Ka7 53. Kxc3 1-0


[Site "https://www.chess.com"]

[Event "Titled Tuesday Blitz February 14 Early 2023"]
[White "Ilkhomi, Jaloliddin"]
[Black "Tymrakiewicz, Rafal"]
[WhiteFideId "14700948"]
[BlackFideId "1108832"]
[WhiteElo "1997"]
[BlackElo "2144"]
[Result "0-1"]
[Round "09"]
[TimeControl "180+2"]
[Date "2023.02.14"]
[WhiteClock "0:00:02"]
[BlackClock "0:00:10"]

1. Nf3 d5 2. d4 Bf5 3. Bf4 c5 4. e3 Nc6 5. c3 e6 6. Bd3 Qb6 7. Bxf5 exf5 8. Qb3 c4 9. Qc2 g6 10. Nbd2 Nf6 11. Ne5 Nxe5 12. Bxe5 Bg7 13. O-O O-O 14. Rac1 Qc6 15. b3 b5 16. bxc4 dxc4 17. Bxf6 Bxf6 18. a4 a6 19. Rb1 Rab8 20. axb5 axb5 21. e4 fxe4 22. Qxe4 Qxe4 23. Nxe4 Be7 24. Nd2 Rfc8 25. Rfe1 Kf8 26. Nf3 b4 27. cxb4 Rxb4 28. Rbc1 Bf6 29. Ne5 Bxe5 30. dxe5 c3 31. Rc2 Rb2 32. Rec1 Rxc2 33. Rxc2 Ke7 34. f4 Ke6 35. Kf2 Kf5 36. Kf3 h5 37. g3 g5 38. Ke3 gxf4+ 39. gxf4 Rc4 40. Kd3 Rxf4 41. Kxc3 Kxe5 42. Kd3 Kf5 43. Ke3 Rf1 44. Ke2 Rh1 45. Kf3 f6 46. Rg2 Rf1+ 47. Kg3 Rf4 48. Ra2 Rg4+ 49. Kf3 Rb4 50. Ra3 Kg5 51. Kg3 h4+ 52. Kh3 f5 53. Kg2 Kg4 54. h3+ Kf4 55. Rc3 Rb2+ 56. Kg1 Re2 57. Rc4+ Kg3 58. Rc3+ Kf4 59. Rc4+ Re4 60. Rc8 Kg3 61. Rc3+ Kf4 62. Rc8 Kf3 63. Rh8 Kg3 64. Rf8 Re1# 0-1


[Site "https://www.chess.com"]

[Event "Titled Tuesday Blitz February 14 Early 2023"]
[White "Andrews, Todd"]
[Black "Prado Lobo, Jonas"]
[WhiteFideId "2012456"]
[BlackFideId "32050666"]
[WhiteElo "2220"]
[BlackElo "2313"]
[Result "0-1"]
[Round "09"]
[TimeControl "180+2"]
[Date "2023.02.14"]
[WhiteClock "0:00:01"]
[BlackClock "0:00:05"]

1. e4 e5 2. Nf3 Nf6 3. d4 Nxe4 4. Bd3 Nc6 5. dxe5 d5 6. O-O Bg4 7. Bb5 Bc5 8. h3 Bh5 9. Qd3 O-O 10. Bxc6 bxc6 11. Nc3 Bg6 12. Nxe4 Bxe4 13. Qe2 Re8 14. Bf4 Qb8 15. Ng5 Bg6 16. c3 a5 17. Rae1 Qb6 18. h4 Rab8 19. h5 Bf5 20. b3 h6 21. Nf3 Bg4 22. e6 Rxe6 23. Qd3 Rxe1 24. Nxe1 Re8 25. Qg3 Be2 26. Bxh6 Bf8 27. Bxg7 Bxg7 28. h6 Kf8 29. Qxg7+ Ke7 30. h7 Bxf1 31. Qe5+ Kd7 32. Qxe8+ Kxe8 33. h8=Q+ Kd7 34. Kxf1 Qb5+ 35. Kg1 Qe2 36. Nf3 Qxa2 37. Qf6 Qb1+ 38. Kh2 Qh7+ 39. Kg3 Kc8 40. Ne5 Qe4 41. f3 Qe1+ 42. Kh2 Qxc3 43. Qf5+ Kb7 44. Nxf7 Qxb3 45. Ng5 a4 46. Ne6 Kb6 47. Nd8 a3 48. Qe6 Qc4 49. Qc8 a2 50. Qb7+ Kc5 51. Ne6+ Kd6 52. Qxc7+ Kxe6 53. Qc8+ Ke5 54. Qe8+ Kd4 55. Qh8+ Kd3 56. Qh7+ Kc3 57. Qa7 Kb2 58. Qb7+ Qb3 59. Qg7+ Kb1 60. Qg6+ Qc2 61. Qe6 a1=Q 62. Qe1+ Kb2 63. Qb4+ Kc1 64. Qe1+ Qd1 65. Qe3+ Kc2 66. Qc5+ Qc3 67. Qb6 Qe5+ 68. Kh3 Qh1+ 0-1


[Site "https://www.chess.com"]

[Event "Titled Tuesday Blitz February 14 Early 2023"]
[White "Belov, Alexei"]
[Black "Goncalves, Davi Sulzbacher"]
[WhiteFideId "4128206"]
[BlackFideId "2154510"]
[WhiteElo "2421"]
[BlackElo "2282"]
[Result "1-0"]
[Round "09"]
[TimeControl "180+2"]
[Date "2023.02.14"]
[WhiteClock "0:02:40"]
[BlackClock "0:02:41"]

1. e4 c5 2. Nf3 Nc6 3. d4 cxd4 4. Nxd4 Nf6 5. Nc3 e5 6. Ndb5 d6 7. Bg5 a6 8. Na3 b5 9. Nd5 Be7 10. Bxf6 Bxf6 11. c3 Bg5 12. Nc2 Rb8 13. a4 bxa4 14. Ncb4 Nxb4 15. Nxb4 Bd7 16. Bxa6 Qa5 17. Qxd6 Be7 18. Qxb8+ 1-0


[Site "https://www.chess.com"]

[Event "Titled Tuesday Blitz February 14 Early 2023"]
[White "Enkhtuul, Altan-Ulzii"]
[Black "Golubev, Mikhail"]
[WhiteFideId "4901444"]
[BlackFideId "14100983"]
[WhiteElo "2254"]
[BlackElo "2461"]
[Result "0-1"]
[Round "09"]
[TimeControl "180+2"]
[Date "2023.02.14"]
[WhiteClock "0:00:02"]
[BlackClock "0:00:04"]

1. d4 Nf6 2. Nc3 e6 3. a3 c5 4. Bg5 cxd4 5. Qxd4 Nc6 6. Qd2 h6 7. Bh4 d5 8. O-O-O d4 9. Nb5 e5 10. f4 g5 11. fxe5 Ne4 12. Qd3 Nc5 13. Qd2 gxh4 14. Nf3 Ne4 15. Qe1 Qb6 16. Nbxd4 Bc5 17. Nb3 Bf2 18. Rd8+ Qxd8 19. Qd1 Qxd1+ 20. Kxd1 Be3 21. Ke1 Be6 22. Nfd2 Nxd2 23. Nxd2 O-O-O 24. Ne4 Nd4 25. Kd1 Nb3+ 26. Ke1 Na1 27. Nd6+ Rxd6 28. exd6 Nxc2+ 29. Kd1 Bb3 30. g3 Rd8 31. Bh3+ Kb8 32. d7 Nd4+ 33. Ke1 f5 34. Kf1 Rxd7 35. Bg2 Nc2 36. Bf3 h3 0-1


[Site "https://www.chess.com"]

[Event "Titled Tuesday Blitz February 14 Early 2023"]
[White "Zherebtsova, Alexandra"]
[Black "Ibadov, Dashgyn"]
[WhiteFideId "24129518"]
[BlackFideId "24107514"]
[WhiteElo "2155"]
[BlackElo "2391"]
[Result "0-1"]
[Round "09"]
[TimeControl "180+2"]
[Date "2023.02.14"]
[WhiteClock "0:01:24"]
[BlackClock "0:01:57"]

1. d4 Nf6 2. Nf3 d5 3. c4 e6 4. e3 c6 5. Nbd2 Nbd7 6. b3 Bd6 7. Bb2 O-O 8. Bd3 b6 9. Ne5 Bb7 10. O-O c5 11. f4 cxd4 12. exd4 Ne4 13. Qe2 Ndf6 14. Ndf3 Qe7 15. Rac1 Ba3 16. Bxa3 Qxa3 17. Ng5 Rad8 18. Bb1 h6 19. Nxe4 Nxe4 20. f5 exf5 21. Rxf5 Qxc1+ 0-1


[Site "https://www.chess.com"]

[Event "Titled Tuesday Blitz February 14 Early 2023"]
[White "Berezin, Viktor"]
[Black "Begunov, Konstantin"]
[WhiteFideId "14107872"]
[BlackFideId "4118510"]
[WhiteElo "2307"]
[BlackElo "2325"]
[Result "1-0"]
[Round "09"]
[TimeControl "180+2"]
[Date "2023.02.14"]
[WhiteClock "0:00:15"]
[BlackClock "0:00:05"]

1. d4 d5 2. c4 c6 3. Nf3 Nf6 4. e3 a6 5. c5 Bg4 6. Nbd2 e5 7. dxe5 Nfd7 8. h3 Bxf3 9. Nxf3 Bxc5 10. Be2 Qe7 11. Qc2 Bb4+ 12. Bd2 Nxe5 13. Bxb4 Nxf3+ 14. Bxf3 Qxb4+ 15. Kf1 O-O 16. Kg1 Nd7 17. Be2 Nf6 18. h4 Rad8 19. h5 h6 20. Rd1 Ne4 21. Rh4 Qe7 22. Rg4 f5 23. Rf4 Qe5 24. Rd4 Rd7 25. Rb4 Ng5 26. Bd3 Ne4 27. g3 Rff7 28. a3 Nd6 29. Kg2 Rc7 30. Qc5 Ne4 31. Bxe4 fxe4 32. Rbxe4 Qxb2 33. Re8+ Kh7 34. Qd6 Rf6 35. Qd8 g5 36. Rh8+ Kg7 37. Qg8# 1-0


[Site "https://www.chess.com"]

[Event "Titled Tuesday Blitz February 14 Early 2023"]
[White "Gimenez Aguirre, Alejo Ismael"]
[Black "Kanyamarala, Trisha"]
[WhiteFideId "32041667"]
[BlackFideId "45004722"]
[WhiteElo "2273"]
[BlackElo "2278"]
[Result "1-0"]
[Round "09"]
[TimeControl "180+2"]
[Date "2023.02.14"]
[WhiteClock "0:01:16"]
[BlackClock "0:01:02"]

1. e4 c5 2. Nf3 d6 3. d4 cxd4 4. Nxd4 Nf6 5. Nc3 Nc6 6. Bc4 e6 7. Be3 Be7 8. Bb3 O-O 9. f3 a6 10. Qd2 Na5 11. g4 b5 12. O-O-O Nc4 13. Bxc4 bxc4 14. Nc6 Qc7 15. Nxe7+ Qxe7 16. Qxd6 Qb7 17. g5 Nd7 18. Rd4 Rb8 19. Nd1 Nb6 20. Qb4 a5 21. Qxa5 Ra8 22. Qb4 Rxa2 23. Rd6 Ra1+ 24. Kd2 Na8 25. Qxb7 Bxb7 26. Bd4 Nc7 27. Rd7 Nb5 28. Bc5 Bc6 29. Bxf8 Bxd7 30. Bc5 Bc6 31. Re1 Rb1 32. Ne3 Rxb2 33. Nxc4 Ra2 34. Rb1 h6 35. gxh6 g6 36. Ne5 Be8 37. Ng4 Bc6 38. Nf6+ Kh8 39. Bf8 1-0


[Site "https://www.chess.com"]

[Event "Titled Tuesday Blitz February 14 Early 2023"]
[White "Jeet, Jain"]
[Black "Mouhamad, Joachim"]
[WhiteFideId "5073022"]
[BlackFideId "656410"]
[WhiteElo "2199"]
[BlackElo "2238"]
[Result "1-0"]
[Round "09"]
[TimeControl "180+2"]
[Date "2023.02.14"]
[WhiteClock "0:00:52"]
[BlackClock "0:00:07"]

1. Nf3 d5 2. g4 Bxg4 3. Ne5 Bf5 4. c4 e6 5. Qb3 Nd7 6. Nxd7 Qxd7 7. Qxb7 Rd8 8. cxd5 exd5 9. d4 Nf6 10. Bg5 Be7 11. Nc3 O-O 12. e3 Rb8 13. Qa6 Rxb2 14. a3 Ng4 15. Bxe7 Qxe7 16. Be2 Nxf2 17. Rf1 Rb6 18. Nxd5 Qh4 19. Nxb6 Ng4+ 20. Kd2 axb6 21. Rxf5 Nxe3 22. Kxe3 Re8+ 23. Re5 Rd8 24. Qc4 Qxh2 25. Rf1 Qg3+ 26. Rf3 Rf8 27. Rxg3 1-0


[Site "https://www.chess.com"]